[Event "XXVII Actius Vallfogona Open"]
[Site "Vallfogona de Balaguer"]
[Date "2019.09.22"]
[Round "9"]
[White "Cruz, Jonathan"]
[Black "Rahal, Michael A"]
[Result "0-1"]
[ECO "C10"]
[WhiteElo "2409"]
[BlackElo "2309"]
[Annotator "NA"]
[PlyCount "78"]
[EventDate "2019.09.22"]
[EventCountry "ESP"]
[SourceTitle "playchess.com"]
[Source "ChessBase"]
[SourceQuality "1"]
[TimeControl "900+5"]

1. e4 e6 2. Nc3 d5 3. Nf3 dxe4 4. Nxe4 Bd7 5. d4 Bc6 6. Bd3 Nd7 7. O-O Ngf6 8. Qe2 Bxe4 9. Bxe4 Nxe4 10. Qxe4 c6 11. c4 Be7 12. Bf4 O-O 13. Rad1 Qb6 14. Qe2 Rfe8 15. Rd3 Qa6 16. Ne5 Nxe5 17. Bxe5 f6 18. Bg3 Qxc4 19. b3 Qd5 20. Re3 Bf8 21. Re4 Rad8 22. Rc1 Bd6 23. Bxd6 Qxd6 24. Rc5 b6 25. Rh5 g6 26. Rh3 c5 27. Rd3 f5 28. Rh4 e5 29. d5 e4 30. Rd1 Qf6 31. Rh3 Re5 32. g4 f4 33. Rc3 e3 34. fxe3 f3 35. Qc4 f2+ 36. Kg2 Rf8 37. d6+ Kg7 38. Qf4 Qxf4 39. exf4 Re1 0-1

[Event "XXVII Actius Vallfogona Open"]
[Site "Vallfogona de Balaguer"]
[Date "2019.09.22"]
[Round "9"]
[White "Hernandez, Cristian Andres"]
[Black "Sole Pijuan, Ferran"]
[Result "1-0"]
[ECO "D12"]
[WhiteElo "2394"]
[BlackElo "2135"]
[Annotator "NA"]
[PlyCount "149"]
[EventDate "2019.09.22"]
[EventCountry "ESP"]
[SourceTitle "playchess.com"]
[Source "ChessBase"]
[SourceQuality "1"]
[TimeControl "900+5"]

1. d4 d5 2. Nf3 Nf6 3. c4 c6 4. e3 Bf5 5. Nc3 e6 6. Nh4 Be4 7. f3 Bg6 8. g3 Bd6 9. Qb3 Qc7 10. Bd2 a6 11. c5 Be7 12. Nxg6 hxg6 13. f4 g5 14. Bd3 gxf4 15. exf4 Nbd7 16. Qd1 b6 17. b4 a5 18. a3 axb4 19. axb4 Rxa1 20. Qxa1 bxc5 21. bxc5 Ng4 22. h3 f5 23. Ke2 Ngf6 24. g4 Ne4 25. Nxe4 fxe4 26. Bc2 Qb7 27. Rb1 Qc8 28. Qa3 Bf6 29. Rb4 Kf7 30. Kf1 Be7 31. Rb3 Qa8 32. Bd1 Rb8 33. Qb2 Qa6+ 34. Kg2 Rxb3 35. Qxb3 Bf6 36. Be3 Bd8 37. g5 g6 38. h4 Qa1 39. h5 Qa6 40. h6 Bc7 41. Kf2 Qb5 42. Qxb5 cxb5 43. Be2 b4 44. Bb5 b3 45. Bc1 Bxf4 46. Bb2 Nf8 47. Ba4 Bxg5 48. c6 Bd8 49. Ba3 Bc7 50. Bxb3 Nh7 51. Bd1 g5 52. Bh5+ Kg8 53. Be8 Nf6 54. Bd7 Nxd7 55. cxd7 Bd8 56. Kg3 Kh7 57. Bf8 Kg8 58. Bd6 Kh7 59. Bf8 Kg8 60. Bg7 Kh7 61. Kg4 Kg6 62. Bf8 Kh7 63. Bg7 Kg6 64. Bf8 Kh7 65. Bg7 Kg6 66. Bf8 Kh7 67. Bg7 Kg6 68. Bf8 Kh7 69. Bg7 Kg6 70. Bf8 e5 71. dxe5 d4 72. e6 Kf6 73. e7 Bxe7 74. Bxe7+ Kxe7 75. h7 1-0

[Event "XXVII Actius Vallfogona Open"]
[Site "Vallfogona de Balaguer"]
[Date "2019.09.22"]
[Round "9.6"]
[White "Velez Romero, Juan Luis"]
[Black "Cruz, Jonathan"]
[Result "0-1"]
[ECO "D00"]
[WhiteElo "2040"]
[BlackElo "2409"]
[Annotator "NA"]
[PlyCount "213"]
[EventDate "2019.09.22"]
[EventCountry "ESP"]
[SourceTitle "playchess.com"]
[Source "ChessBase"]
[SourceQuality "1"]
[TimeControl "900+5"]

1. d4 Nf6 2. Nf3 g6 3. Nc3 d5 4. Bf4 Bg7 5. Qd2 Ne4 6. Nxe4 dxe4 7. Ne5 f6 8. Nc4 Be6 9. e3 O-O 10. Be2 Kh8 11. O-O Bxc4 12. Bxc4 e5 13. Bg3 f5 14. Rad1 f4 15. exf4 exd4 16. Rfe1 Re8 17. Qb4 b6 18. Qb3 Nc6 19. Bb5 Na5 20. Qa4 c6 21. Bxc6 Nxc6 22. Qxc6 Rc8 23. Qa4 b5 24. Qb3 Qd7 25. h3 Qc6 26. Re2 a5 27. Rde1 Re6 28. Bh4 Rce8 29. Qg3 Qd5 30. b3 Qc6 31. Bg5 h6 32. Qh4 Kh7 33. Bd8 a4 34. Ba5 axb3 35. axb3 d3 36. cxd3 exd3 37. Rxe6 Rxe6 38. Rxe6 Qxe6 39. Qg4 Qxb3 40. f5 Qf7 41. fxg6+ Qxg6 42. Qb4 Qf5 43. Bb6 Qd5 44. Be3 Qc4 45. Qa5 Qd5 46. Qb4 Qc4 47. Qa5 b4 48. Qf5+ Kg8 49. Qg6 Qf7 50. Qxd3 b3 51. Qd8+ Kh7 52. Qd3+ Kg8 53. Qd8+ Bf8 54. Bd4 Kh7 55. Qb6 Bg7 56. Bxg7 Kxg7 57. Qd4+ Kg6 58. Qd3+ Kf6 59. Qd4+ Ke7 60. Qe5+ Kd7 61. Qb5+ Kd6 62. Qb6+ Ke5 63. Qc5+ Qd5 64. Qe3+ Kd6 65. Qxh6+ Kc5 66. Qe3+ Kb4 67. Qb6+ Ka3 68. Qa6+ Kb2 69. Qe2+ Kc1 70. Qe3+ Kc2 71. Qe2+ Qd2 72. Qc4+ Qc3 73. Qe4+ Kc1 74. Qf4+ Kb1 75. Qe4+ Qc2 76. Qe8 b2 77. Qf7 Kc1 78. Qf4+ Qd2 79. Qc4+ Kd1 80. Qb3+ Qc2 81. Qd5+ Kc1 82. Qg5+ Kb1 83. Qf6 Qd3 84. Qc6 Ka2 85. Qa8+ Kb3 86. Qb7+ Kc3 87. Qc6+ Kd2 88. Qh6+ Kc2 89. Qc6+ Kb3 90. Qb6+ Kc3 91. Qc6+ Qc4 92. Qf6+ Kb3 93. Qb6+ Ka3 94. Qa5+ Kb3 95. Qb6+ Qb4 96. Qe3+ Ka2 97. Qa7+ Qa3 98. Qf7+ Ka1 99. Qf6 Qa5 100. h4 Ka2 101. Qe6+ Ka3 102. Qe3+ Ka4 103. Qd4+ Qb4 104. Qa7+ Kb3 105. Qf7+ Qc4 106. Qf3+ Kc2 107. Qf5+ 0-1

[Event "XXVII Actius Vallfogona Open"]
[Site "Vallfogona de Balaguer"]
[Date "2019.09.22"]
[Round "9.7"]
[White "Pena Morales, Hugo"]
[Black "Movsziszian, Karen"]
[Result "1-0"]
[ECO "B09"]
[WhiteElo "2203"]
[BlackElo "2475"]
[Annotator "ChessBase"]
[PlyCount "43"]
[EventDate "2019.09.22"]
[EventCountry "ESP"]
[SourceTitle "playchess.com"]
[Source "ChessBase"]
[SourceQuality "1"]
[TimeControl "900+5"]

1. d4 d6 2. e4 g6 3. Nc3 Bg7 4. f4 Nc6 5. Be3 Nf6 6. Be2 O-O 7. Nf3 e6 8. Qd2 a6 9. a4 b6 10. Bf2 Bb7 11. Bh4 Qc8 12. e5 Nd7 13. O-O Re8 14. Ng5 Ne7 15. g4 c5 16. Nce4 Qc6 17. Bf3 d5 18. Nd6 f6 19. Nxe6 cxd4 20. Nxg7 Kxg7 21. Nxb7 fxe5 22. fxe5 1-0

[Event "XXVII Actius Vallfogona Open"]
[Site "Vallfogona de Balaguer"]
[Date "2019.09.22"]
[Round "9.10"]
[White "Villar Reymundo, Juan Antonio"]
[Black "Barbero Sendic, Alejandro"]
[Result "0-1"]
[ECO "E62"]
[WhiteElo "2229"]
[BlackElo "2346"]
[Annotator "NA"]
[PlyCount "84"]
[EventDate "2019.09.22"]
[EventCountry "ESP"]
[SourceTitle "playchess.com"]
[Source "ChessBase"]
[SourceQuality "1"]
[TimeControl "900+5"]

1. d4 Nf6 2. c4 g6 3. g3 Bg7 4. Bg2 O-O 5. Nc3 d6 6. Nf3 Nc6 7. O-O e5 8. dxe5 dxe5 9. Bg5 Be6 10. Qa4 Qc8 11. Rfd1 Nd7 12. Nd5 Nb6 13. Qc2 Bf5 14. e4 Bg4 15. Ne7+ Nxe7 16. Bxe7 Re8 17. Bc5 Qe6 18. b3 Rad8 19. Be3 h6 20. Rxd8 Rxd8 21. Rd1 Re8 22. Rc1 Nc8 23. Nd2 Rd8 24. Bf1 a6 25. c5 Ne7 26. Bc4 Qf6 27. b4 Nc6 28. a3 h5 29. Bd5 h4 30. f3 Be6 31. Qc4 hxg3 32. hxg3 Bxd5 33. exd5 Ne7 34. Ne4 Qxf3 35. Bg5 Rxd5 36. Rf1 Rd1 37. Rxd1 Qxd1+ 38. Kg2 Nf5 39. g4 Qxg4+ 40. Kf2 Nd4 41. Qd5 Qe2+ 42. Kg1 Nf3+ 0-1